 Dungeon Crawl Stone Soup version 0.24.0-5-g267a8d59f4 (webtiles) character file.

Game seed: 5841675239813943991, levelgen mode: deterministic

1173 Monsterracer the Chopper (level 8, -1/73 HPs)
             Began as a Deep Dwarf Fighter on Nov 1, 2019.
             Was a Believer of Makhleb.
             Slain by a two-headed ogre
             ... wielding a +0 giant club
              (20 damage)
             ... on level 6 of the Dungeon.
             The game lasted 00:03:27 (4024 turns).

Monsterracer the Chopper (Deep Dwarf Fighter)       Turns: 4024, Time: 00:03:27

Health: -1/73      AC: 13    Str: 22    XL:     8   Next: 18%
Magic:  6/6        EV:  4    Int:  9    God:    Makhleb [**....]
Gold:   207        SH: 10    Dex: 12    Spells: 7/7 levels left

rFire    + . .     SeeInvis .   a - +2 war axe (venom)
rCold    + . .     Gourm    .   l - +0 shield
rNeg     . . .     Faith    .   k - +0 plate armour
rPois    .         Spirit   .   q - +0 helmet
rElec    .         Reflect  .   (no cloak)
rCorr    .         Harm     .   (no gloves)
MR       +....                  (no boots)
Stlth    ..........             (no amulet)
HPRegen  0.00/turn              F - ring of protection from fire
MPRegen  0.10/turn              C - ring of protection from cold

@: non-regenerating
A: damage resistance, heal wounds, sense surroundings 1, no regeneration
a: Heal Wounds, Minor Destruction, Renounce Religion


You were on level 6 of the Dungeon.
You worshipped Makhleb.
Makhleb was pleased with you.
You were not hungry.

You visited 1 branch of the dungeon, and saw 6 of its levels.
You also visited: Sewer.

You collected 207 gold pieces.

Inventory:

Hand Weapons
 a - a +2 war axe of venom (weapon)
   (You took it off an orc warrior on level 5 of the Dungeon)
Missiles
 u - a throwing net (quivered) {!f}
Armour
 k - a +0 plate armour (worn)
   (You found it on level 1 of the Dungeon)
 l - a +0 shield (worn)
 q - a +0 helmet (worn)
   (You took it off Robin on level 2 of the Dungeon)
Jewellery
 i - an uncursed ring of fire
   (You found it on level 3 of the Dungeon)
 C - a ring of protection from cold (right hand)
   (You found it on level 3 of the Dungeon)
 F - a ring of protection from fire (left hand)
   (You found it on level 5 of the Dungeon)
 S - an uncursed ring of see invisible
   (You found it on level 4 of the Dungeon)
Scrolls
 f - a scroll of magic mapping {unknown}
 m - 3 scrolls of enchant armour {unknown}
 p - a scroll of enchant weapon
 s - a scroll of blinking {unknown}
 t - 3 scrolls of teleportation {!r}
Potions
 b - a potion of ambrosia {!q}
 d - a potion of berserk rage {!q}
 e - 5 potions of curing
 g - a potion of invisibility
 h - a potion of haste
 j - a potion of might
 n - 2 potions of flight
 o - 3 potions of heal wounds
 r - a potion of brilliance {unknown}
Comestibles
 c - 4 rations


   Skills:
 + Level 4.7 Fighting
 * Level 5.9 Axes
 + Level 5.7 Armour
 + Level 5.8 Shields
 + Level 4.4 Invocations


You had 7 spell levels left.
You didn't know any spells.
Your spell library was empty.

Dungeon Overview and Level Annotations

Branches:
Dungeon (6/15)             Temple (0/1) D:4           Sewer (visited)

Altars:
Makhleb
Nemelex Xobeh


Innate Abilities, Weirdness & Mutations

You are resistant to damage.
You can heal yourself by infusing magical energy.
You passively map a small area around you.
You do not regenerate.


Message History

You closely miss Dowan. You closely miss the orc priest.
You block Dowan's attack.
The orc priest hits you but does no damage. x2
Dowan mumbles some strange words.
Dowan blinks!
You closely miss the orc priest.
The orc priest is heavily wounded.
You slash the orc priest!
The orc priest looks as sick as possible!
The orc priest hits you but does no damage.
You block the orc priest's attack.
You slash the orc priest!
You kill the orc priest!
Makhleb accepts your kill.
Your shield and plate armour prevent you from hitting the orc priest.
Dowan casts a spell.
Dowan blinks!
The orc priest hits you. You block Dowan's attack.
You closely miss the orc priest.
The orc priest is severely wounded.
You hit Dowan.
Dowan looks as sick as possible!
Dowan hits you but does no damage. You block the orc priest's attack.
Dowan completely misses you.
The orc priest hits you but does no damage.
You slash the orc priest!
You kill the orc priest!
Makhleb accepts your kill.
You hit Dowan.
Dowan looks as sick as possible!
You kill Dowan!
Makhleb accepts your kill.
No target in view!
No target in view!
No target in view!
Things that are here:
a +0 hand axe; a +0 leather armour; a +0 flail Your magical essence is drained by the effort!
You feel much better.
There is a stone staircase leading up here.
Things that are here:
a +0 club; a +0 robe; the elf corpse of Dowan
Things that are here:
a +0 short sword; a +0 ring mail You are no longer poisoned.
u - a throwing net {!f}
m - 3 scrolls labeled WICLYNG KEUKHECK (gained 1)
A two-headed ogre comes into view.
It is wielding a +0 giant club and a +0 giant spiked club.
A two-headed ogre is nearby!
You see here a ration.
A shadow imp comes into view.
The shadow imp shouts!
Found a ration.
You hit the two-headed ogre but do no damage.
The two-headed ogre is poisoned.
The two-headed ogre hits you but does no damage.
You block the two-headed ogre's attack.
You hit the two-headed ogre.
The two-headed ogre looks even sicker.
The two-headed ogre is lightly wounded.
An orc comes into view. It is wielding a +0 flail.
The two-headed ogre barely misses you.
The two-headed ogre hits you but does no damage.
The orc shouts!
You hit the two-headed ogre but do no damage.
The two-headed ogre looks as sick as possible!
The two-headed ogre is lightly wounded.
You hear a shout!
You block the two-headed ogre's attack.
The two-headed ogre hits you with a +0 giant spiked club!
An orc comes into view. It is wielding a +0 club.
You completely miss the two-headed ogre.
The two-headed ogre is lightly wounded.
The orc shouts!
You block the two-headed ogre's attack.
The two-headed ogre hits you with a +0 giant spiked club.
An orc priest comes into view. It is wielding a +0 dagger.
You barely miss the two-headed ogre.
The two-headed ogre is lightly wounded.
The two-headed ogre hits you with a +0 giant club!!
The two-headed ogre hits you with a +0 giant spiked club.
You hit the two-headed ogre.
The two-headed ogre looks as sick as possible!
The two-headed ogre is lightly wounded.
The orc priest miscasts a cantrip.
You block the two-headed ogre's attack.
The two-headed ogre hits you with a +0 giant spiked club!
You slash the two-headed ogre!
The two-headed ogre looks as sick as possible!
The two-headed ogre is moderately wounded.
The two-headed ogre hits you with a +0 giant club!
* * * LOW HITPOINT WARNING * * *
The two-headed ogre hits you with a +0 giant spiked club!
* * * LOW HITPOINT WARNING * * *
Unknown command.
You feel much better.
The orc priest calls down the wrath of Beogh upon you.
Beogh smites you!
* * * LOW HITPOINT WARNING * * *
You hear a loud, deep croak!
Unknown command.
You see here a ration.
The two-headed ogre hits you with a +0 giant club!!
You die...

#.*#.# #..#
###.###.#####..#
# * .. #># #PP.,
,...).........#
..# ..# #...P
####......####*
##, #.# #..P.#
#...##....# , * ,
#....*
##.######.# , ,
### * #.# * # * ,
, * #.# * , ,
%#.############.#
*
..o.oo.5O@......#
.#.##############
* , , * * * , , ,
** *,* * ** , ,


You could see a two-headed ogre, an orc priest, a shadow imp and 2 orcs.

Vanquished Creatures
  Duvessa (D:6)
  An orc warrior (D:5)
  An ogre (D:4)
  A big kobold (Sewer)
  A bullfrog (D:6)
  Blork the orc (D:4)
  Dowan (D:6)
  A centaur zombie (D:5)
  2 crimson imps (D:5)
  A hound (D:4)
  3 orc priests (D:5 D:6)
  2 orc wizards (D:3 D:4)
  Terence (D:2)
  An iguana (D:5)
  3 worker ants (D:4 D:5)
  Robin (D:2)
  7 adders (D:2 D:3 D:4 D:5)
  A river rat (Sewer)
  A shadow imp (D:5)
  An ooze (D:1)
  2 worms (D:2 D:3)
  A dart slug (D:3)
  2 leopard geckos (D:4 D:6)
  23 orcs (D:5 D:3 D:4 D:6)
  4 bats (D:2 D:3)
  5 giant cockroaches (D:2 D:3)
  8 hobgoblins (D:1 D:2 D:3)
  2 jackals (Sewer)
  12 kobolds (D:1 D:2 D:3 Sewer)
  A quokka (D:5)
  7 ball pythons (D:2 D:3 D:4)
  2 frilled lizards (D:1 D:4)
  20 goblins (D:1 D:2 D:3)
  11 rats (D:1 D:2 D:3 Sewer)
132 creatures vanquished.

Notes
Turn   | Place    | Note
-------+----------+-------------------------------------------
     0 | D:1      | Monsterracer the Deep Dwarf Fighter began the quest for the
                  | Orb.
     0 | D:1      | Reached XP level 1. HP: 20/20 MP: 1/1
   180 | D:1      | Reached XP level 2. HP: 22/27 MP: 2/2
   331 | D:1      | Found a sparkling altar of Nemelex Xobeh.
   908 | D:2      | Noticed Robin
   914 | D:2      | Reached XP level 3. HP: 21/34 MP: 3/3
   935 | D:2      | Killed Robin
  1148 | D:2      | Reached XP level 4. HP: 33/42 MP: 4/4
  1469 | D:2      | Noticed Terence
  1480 | D:2      | Killed Terence
  1700 | D:3      | Found a burning altar of Makhleb.
  1711 | D:3      | Became a worshipper of Makhleb the Destroyer
  1730 | D:3      | You fall into a shaft and drop 2 floors!
  1730 | D:5      | Entered Level 5 of the Dungeon
  1756 | D:5      | Reached XP level 5. HP: 34/49 MP: 5/5
  1758 | D:5      | Reached skill level 1 in Invocations
  1796 | D:4      | Found a staircase to the Ecumenical Temple.
  2026 | D:3      | Found a glowing drain.
  2054 | Sewer    | Entered a sewer
  2064 | Sewer    | Reached * piety under Makhleb
  2125 | Sewer    | Reached XP level 6. HP: 54/57 MP: 7/7
  2143 | Sewer    | Found a white marble altar of Elyvilon.
  3071 | D:4      | HP: 19/57 [ogre/+0 giant club (15)]
  3074 | D:4      | Reached skill level 5 in Shields
  3128 | D:4      | Noticed Blork the orc
  3129 | D:4      | Reached skill level 5 in Armour
  3129 | D:4      | Reached XP level 7. HP: 52/64 MP: 6/6
  3140 | D:4      | Killed Blork the orc
  3342 | D:5      | Reached ** piety under Makhleb
  3498 | D:5      | Reached skill level 5 in Axes
  3839 | D:6      | HP: 33/66 [orc warrior/+2 war axe of venom (4)]
  3855 | D:6      | Noticed Duvessa
  3855 | D:6      | Noticed Dowan
  3861 | D:6      | HP: 31/66 [poisoned by an orc warrior]
  3916 | D:5      | HP: 33/66 [orc warrior/+2 war axe of venom (3)]
  3921 | D:5      | HP: 27/66 [orc warrior/+2 war axe of venom (9)]
  3922 | D:5      | HP: 13/66 [orc warrior/+2 war axe of venom (10)]
  3931 | D:5      | HP: 33/66 [poisoned by an orc warrior]
  3934 | D:5      | HP: 6/66 [orc warrior/+2 war axe of venom (19)]
  3941 | D:5      | HP: 26/66 [orc warrior/+2 war axe of venom (9)]
  3947 | D:5      | HP: 33/66 [poisoned by an orc warrior]
  3959 | D:6      | HP: 32/66 [orc priest/divine providence (10)]
  3964 | D:6      | Killed Duvessa
  3964 | D:6      | Reached XP level 8. HP: 52/73 MP: 7/7
  3969 | D:6      | Killed Dowan
  4011 | D:6      | Noticed a two-headed ogre
  4020 | D:6      | HP: 27/73 [two-headed ogre/+0 giant club (14)]
  4021 | D:6      | HP: 11/73 [two-headed ogre/+0 giant club (6)]
  4024 | D:6      | Slain by a two-headed ogre

Levels and vault maps discovered:
D:1:      dpeg_arrival_three_same_balls, layout_basic,
          nemelex_diamond_rough_becter
D:2:      layout_loops_ring, uniq_terence, uniq_robin
D:3:      layout_basic, portal_sewer_entry_a, bloody_makhleb
D:4:      layout_rooms, minmay_temple_entry_gardened_gates, uniq_blork_the_orc
D:5:      layout_cave_pools, first_ration, glass_columns_b
D:6:      layout_loops_ring, overflow_temple_1_default, serial_undead,
          serial_undead_e, serial_undead_e, serial_undead_a, serial_undead_c,
          uniq_duvessa, uniq_crazy_yiuf_cottage

Skill      XL: |  1  2  3  4  5  6  7 |
---------------+----------------------+-----
Fighting       | 3 4 |  4.7
Axes           | 3 4 5 |  5.9
Armour         | 4 5 |  5.7
Shields        | 4 5 |  5.8
Invocations    | 2 4 |  4.4

Action                   |  1- 3 |  4- 6 |  7- 9 || total
-------------------------+-------+-------+-------++-------
Melee: War axe           |   107 |   258 |   131 ||   496
 Abil: Heal Wounds       |     1 |     4 |    12 ||    17
  Use: Scroll            |       |     7 |     3 ||    10
       Potion            |       |       |     1 ||     1
  Eat: Chunk             |     1 |     4 |     3 ||     8
       Ration            |       |     1 |       ||     1
Armor: Scale mail        |    12 |       |       ||    12
       Chain mail        |    10 |       |       ||    10
       Plate armour      |    35 |   236 |    81 ||   352
Dodge: Dodged            |    20 |    41 |    21 ||    82
Block: Shield            |    56 |   157 |    78 ||   291
